| TOP OF THE 1ST |
|
Salt Lake City Bees batting - Pitching for San Jose Missions : LHP Jerry Gomez
|
|
Pitching: LHP Jerry Gomez
|
|
|
Batting: RHB Stephen Vaughan
|
0-0: SINGLE (Groundball, 4MD, EV 95.6 MPH)
|
|
Batting: RHB Jamie Nelson
|
0-0: Ball 1-0: SINGLE (Groundball, 56D, EV 100.0 MPH) Stephen Vaughan to second Runner from 2nd tries for 3rd, SAFE, no throw by LF
|
|
Batting: LHB Eric Attaway
|
0-0: Called Strike 0-1: Ball 1-1: Called Strike 1-2: Ball 2-2: Strikes out looking Jamie Nelson steals 2nd, throwing error, E2 Stephen Vaughan scores Jamie Nelson to third
|
|
Batting: LHB Thomas Dorsey
|
0-0: Foul Ball, location: 2F 0-1: Ball 1-1: Ground out 6-3 (Groundball, 6, EV 81.9 MPH) Jamie Nelson scores
|
|
Batting: RHB William Cole
|
0-0: Foul Ball, location: 2F 0-1: Swinging Strike 0-2: Strikes out swinging
|
| Top of the 1st over - 2 runs, 2 hits, 1 error, 0 left on base; Salt Lake City 2 - San Jose 0 |
| BOTTOM OF THE 1ST |
|
San Jose Missions batting - Pitching for Salt Lake City Bees : LHP Andy Baumann
|
|
Pitching: LHP Andy Baumann
|
|
|
Batting: SHB Curt Bryan
|
0-0: Called Strike 0-1: Called Strike 0-2: Ball 1-2: SINGLE (Groundball, 6S, EV 68.1 MPH) (infield hit)
|
|
Batting: RHB Vance Law
|
0-0: Foul Ball, location: 2F 0-1: Called Strike 0-2: Ball Wild Pitch! Curt Bryan to second 1-2: Ball 2-2: SINGLE (Groundball, 56D, EV 98.8 MPH) Curt Bryan to third Runner from 3rd tries for Home, SAFE, throw by LF to home
|
|
Batting: SHB Bip Roberts
|
0-0: Foul Ball, location: 2F 0-1: Ball Wild Pitch! Vance Law to second 1-1: Foul Ball, location: 2F 1-2: Ground out 4-3 (Groundball, 4, EV 84.4 MPH) Vance Law to third
|
|
Batting: SHB David Piller
|
0-0: Ball 1-0: Fly out, F8 (Flyball, 8LS, EV 74.4 MPH)
|
|
Batting: RHB Ozzie Virgil
|
0-0: Foul Ball, location: 2F 0-1: Fly out, F7 (Flyball, 7D, EV 76.3 MPH)
|
| Bottom of the 1st over - 1 run, 2 hits, 0 errors, 1 left on base; Salt Lake City 2 - San Jose 1 |
| TOP OF THE 2ND |
|
Salt Lake City Bees batting - Pitching for San Jose Missions : LHP Jerry Gomez
|
|
Batting: RHB Dick C Schofield
|
0-0: Foul Ball, location: 2F 0-1: Foul Ball, location: 2F 0-2: Ball 1-2: Ball 2-2: Strikes out swinging
|
|
Batting: RHB Darnell Coles
|
0-0: Foul Ball, location: 2F 0-1: Swinging Strike 0-2: Strikes out swinging
|
|
Batting: RHB Reid Nichols
|
0-0: Ball 1-0: Ball 2-0: Foul Ball, location: 2F 2-1: Fly out, F8 (Line Drive, 8LM, EV 95.6 MPH)
|
| Top of the 2nd over - 0 runs, 0 hits, 0 errors, 0 left on base; Salt Lake City 2 - San Jose 1 |
| BOTTOM OF THE 2ND |
|
San Jose Missions batting - Pitching for Salt Lake City Bees : LHP Andy Baumann
|
|
Batting: LHB Marvell Wynne
|
0-0: Ball 1-0: Foul Ball, location: 2F 1-1: Ball 2-1: Foul Ball, location: 2F 2-2: Foul Ball, location: 2F 2-2: Ground out 4-3 (Groundball, 4, EV 82.5 MPH)
|
|
Batting: RHB Paul Runge
|
0-0: Called Strike 0-1: Ball 1-1: SINGLE (Line Drive, 34, EV 95.0 MPH)
|
|
Batting: RHB Pablo Cardiel
|
0-0: Ball 1-0: Foul Ball, location: 2F 1-1: Called Strike 1-2: Ground out 5-3 (Groundball, 56S, EV 70.0 MPH) Paul Runge to second
|
|
Batting: SHB Kenny Young
|
0-0: Ball 1-0: Ball 2-0: Ground out 6-3 (Groundball, 56, EV 108.8 MPH)
|
| Bottom of the 2nd over - 0 runs, 1 hit, 0 errors, 1 left on base; Salt Lake City 2 - San Jose 1 |
| TOP OF THE 3RD |
|
Salt Lake City Bees batting - Pitching for San Jose Missions : LHP Jerry Gomez
|
|
Batting: RHB Antonio Baca
|
0-0: Ground out 6-3 (Groundball, 6, EV 103.1 MPH)
|
|
Batting: RHB Stephen Vaughan
|
0-0: Ball 1-0: Swinging Strike 1-1: Ball 2-1: Called Strike 2-2: Foul Ball, location: 2F 2-2: Ball 3-2: Foul Ball, location: 2F 3-2: Fly out, F9 (Flyball, 9S, EV 82.5 MPH)
|
|
Batting: RHB Jamie Nelson
|
0-0: Ball 1-0: Foul Ball, location: 2F 1-1: Fly out, F5 (Line Drive, 5, EV 60.6 MPH)
|
| Top of the 3rd over - 0 runs, 0 hits, 0 errors, 0 left on base; Salt Lake City 2 - San Jose 1 |
| BOTTOM OF THE 3RD |
|
San Jose Missions batting - Pitching for Salt Lake City Bees : LHP Andy Baumann
|
|
Batting: SHB Curt Bryan
|
0-0: Ball 1-0: Ball 2-0: Called Strike 2-1: Ball 3-1: Base on Balls
|
|
Batting: RHB Vance Law
|
0-0: Grounds into double play, 6-4-3 (Groundball, 6, EV 83.1 MPH)
|
|
Batting: SHB Bip Roberts
|
0-0: Called Strike 0-1: Swinging Strike 0-2: Ball 1-2: Ball 2-2: Ball 3-2: Fly out, F8 (Flyball, 8RD, EV 93.8 MPH)
|
| Bottom of the 3rd over - 0 runs, 0 hits, 0 errors, 0 left on base; Salt Lake City 2 - San Jose 1 |
| TOP OF THE 4TH |
|
Salt Lake City Bees batting - Pitching for San Jose Missions : LHP Jerry Gomez
|
|
Batting: LHB Eric Attaway
|
0-0: Ball 1-0: Foul Ball, location: 2F 1-1: Ball 2-1: Ball 3-1: Base on Balls
|
|
Batting: LHB Thomas Dorsey
|
0-0: Foul Ball, location: 2F 0-1: Foul Ball, location: 2F 0-2: Strikes out swinging
|
|
Batting: RHB William Cole
|
0-0: Fly out, F4 (Popup, 4M, EV 66.9 MPH)
|
|
Batting: RHB Dick C Schofield
|
0-0: Ball 1-0: Called Strike 1-1: Foul Ball, location: 2F 1-2: Ball 2-2: Strikes out swinging
|
| Top of the 4th over - 0 runs, 0 hits, 0 errors, 1 left on base; Salt Lake City 2 - San Jose 1 |
| BOTTOM OF THE 4TH |
|
San Jose Missions batting - Pitching for Salt Lake City Bees : LHP Andy Baumann
|
|
Batting: SHB David Piller
|
0-0: Foul Ball, location: 2F 0-1: Ball 1-1: Ground out 4-3 (Groundball, 4, EV 85.6 MPH)
|
|
Batting: RHB Ozzie Virgil
|
0-0: Ball 1-0: Ball 2-0: Called Strike 2-1: Fly out, F8 (Flyball, 8LXD, EV 100.0 MPH)
|
|
Batting: LHB Marvell Wynne
|
0-0: Ground out 2-3 (Groundball, 2R, EV 67.5 MPH)
|
| Bottom of the 4th over - 0 runs, 0 hits, 0 errors, 0 left on base; Salt Lake City 2 - San Jose 1 |
| TOP OF THE 5TH |
|
Salt Lake City Bees batting - Pitching for San Jose Missions : LHP Jerry Gomez
|
|
Batting: RHB Darnell Coles
|
0-0: SINGLE (Flyball, 34D, EV 89.4 MPH)
|
|
Batting: RHB Reid Nichols
|
0-0: Ball 1-0: Called Strike 1-1: Fly out, F9 (Flyball, 89M, EV 85.6 MPH)
|
|
Batting: RHB Antonio Baca
|
0-0: Called Strike 0-1: Ball 1-1: Ball 2-1: Ball 3-1: Base on Balls Darnell Coles to second
|
|
Batting: RHB Stephen Vaughan
|
0-0: Called Strike 0-1: Ball 1-1: SINGLE (Groundball, P, EV 88.1 MPH) (infield hit) Darnell Coles to third Antonio Baca to second
|
|
Batting: RHB Jamie Nelson
|
0-0: Called Strike 0-1: Called Strike 0-2: Strikes out swinging
|
|
Batting: LHB Eric Attaway
|
0-0: Ball 1-0: Called Strike 1-1: Ball 2-1: Foul Ball, location: 2F 2-2: Foul Ball, location: 2F 2-2: Ball 3-2: Fly out, F6 (Popup, 6MD, EV 60.0 MPH)
|
| Top of the 5th over - 0 runs, 2 hits, 0 errors, 3 left on base; Salt Lake City 2 - San Jose 1 |
| BOTTOM OF THE 5TH |
|
San Jose Missions batting - Pitching for Salt Lake City Bees : LHP Andy Baumann
|
|
Batting: RHB Paul Runge
|
0-0: Called Strike 0-1: Ball 1-1: Reached on error, E6 (Groundball, 6M, EV 108.8 MPH)
|
|
Batting: RHB Pablo Cardiel
|
0-0: Ball 1-0: Bunted foul 1-1: Bunt missed! 1-2: Ball 2-2: Ball 3-2: Fly out, F6 (Line Drive, 6, EV 68.1 MPH)
|
|
Batting: SHB Kenny Young
|
0-0: Ball 1-0: Called Strike 1-1: Ball 2-1: Foul Ball, location: 2F 2-2: Ball 3-2: Foul Ball, location: 2F 3-2: Base on Balls Paul Runge to second
|
|
Batting: SHB Curt Bryan
|
0-0: Fielders Choice at 2nd, 6-4 (Groundball, 6M, EV 96.3 MPH) Paul Runge to third
|
|
Batting: RHB Vance Law
|
0-0: Ball 1-0: Foul Ball, location: 2F 1-1: SINGLE (Groundball, 6MD, EV 111.3 MPH) Paul Runge scores Curt Bryan to second Runner from 2nd tries for 3rd, SAFE, no throw by CF
|
|
Batting: SHB Bip Roberts
|
0-0: SINGLE (Groundball, 56D, EV 100.0 MPH) Curt Bryan scores Vance Law to second
|
|
Batting: SHB David Piller
|
0-0: Ball 1-0: Ball 2-0: Ground out 5-3 (Groundball, 5S, EV 67.5 MPH)
|
| Bottom of the 5th over - 2 runs, 2 hits, 1 error, 2 left on base; Salt Lake City 2 - San Jose 3 |
| TOP OF THE 6TH |
|
Salt Lake City Bees batting - Pitching for San Jose Missions : LHP Jerry Gomez
|
|
Batting: LHB Thomas Dorsey
|
0-0: Ball 1-0: Ball 2-0: Ball 3-0: Called Strike 3-1: Called Strike 3-2: Strikes out swinging
|
|
Batting: RHB William Cole
|
0-0: Ball 1-0: Ball 2-0: Swinging Strike 2-1: Fly out, F8 (Flyball, 8RD, EV 101.3 MPH)
|
|
Batting: RHB Dick C Schofield
|
0-0: Fly out, F7 (Flyball, 78M, EV 90.0 MPH)
|
| Top of the 6th over - 0 runs, 0 hits, 0 errors, 0 left on base; Salt Lake City 2 - San Jose 3 |
| BOTTOM OF THE 6TH |
|
San Jose Missions batting - Pitching for Salt Lake City Bees : LHP Andy Baumann
|
|
Batting: RHB Ozzie Virgil
|
0-0: Hit by Pitch
|
|
Batting: LHB Marvell Wynne
|
0-0: Ball 1-0: Foul Ball, location: 2F 1-1: Called Strike 1-2: Foul Ball, location: 2F 1-2: Ball 2-2: Ball 3-2: Fly out, F7 (Flyball, 7, EV 81.3 MPH)
|
|
Batting: RHB Paul Runge
|
0-0: Grounds into double play, 5-4-3 (Groundball, 56, EV 83.1 MPH)
|
| Bottom of the 6th over - 0 runs, 0 hits, 0 errors, 0 left on base; Salt Lake City 2 - San Jose 3 |
| TOP OF THE 7TH |
|
Salt Lake City Bees batting - Pitching for San Jose Missions : LHP Jerry Gomez
|
|
Batting: RHB Darnell Coles
|
0-0: Called Strike 0-1: Ball 1-1: Fly out, F2 (Popup, 2L, EV 91.9 MPH)
|
|
Batting: RHB Reid Nichols
|
0-0: Ball 1-0: Fly out, F7 (Line Drive, 7D, EV 93.1 MPH)
|
|
Batting: RHB Antonio Baca
|
0-0: Called Strike 0-1: Swinging Strike 0-2: Ball 1-2: Ball 2-2: Strikes out looking
|
| Top of the 7th over - 0 runs, 0 hits, 0 errors, 0 left on base; Salt Lake City 2 - San Jose 3 |
| BOTTOM OF THE 7TH |
|
San Jose Missions batting - Pitching for Salt Lake City Bees : LHP Andy Baumann
|
|
Batting: RHB Pablo Cardiel
|
0-0: Called Strike 0-1: Called Strike 0-2: Ball 1-2: Fly out, F7 (Flyball, 7, EV 91.3 MPH)
|
|
Batting: SHB Kenny Young
|
0-0: Ball 1-0: Ground out 4-3 (Groundball, 4, EV 105.6 MPH)
|
|
Batting: SHB Curt Bryan
|
0-0: Ball 1-0: Ball 2-0: Foul Ball, location: 2F 2-1: Swinging Strike 2-2: Ball 3-2: Strikes out swinging
|
| Bottom of the 7th over - 0 runs, 0 hits, 0 errors, 0 left on base; Salt Lake City 2 - San Jose 3 |
| TOP OF THE 8TH |
|
Salt Lake City Bees batting - Pitching for San Jose Missions : LHP Jerry Gomez
|
|
Batting: RHB Stephen Vaughan
|
0-0: Ball 1-0: Called Strike 1-1: Called Strike 1-2: Foul Ball, location: 2F 1-2: Foul Ball, location: 2F 1-2: Ball 2-2: Fly out, F6 (Flyball, 56D, EV 81.9 MPH)
|
|
Batting: RHB Jamie Nelson
|
0-0: Called Strike 0-1: Foul Ball, location: 2F 0-2: Ground out 1-3 (Groundball, 34S, EV 66.9 MPH)
|
|
Batting: LHB Eric Attaway
|
0-0: Ball 1-0: Foul Ball, location: 2F 1-1: Ground out 4-3 (Groundball, 34D, EV 80.6 MPH)
|
| Top of the 8th over - 0 runs, 0 hits, 0 errors, 0 left on base; Salt Lake City 2 - San Jose 3 |
| BOTTOM OF THE 8TH |
|
San Jose Missions batting - Pitching for Salt Lake City Bees : LHP Andy Baumann
|
|
Batting: RHB Vance Law
|
0-0: Foul Ball, location: 2F 0-1: Ball 1-1: Foul Ball, location: 2F 1-2: Ball 2-2: Foul Ball, location: 2F 2-2: SINGLE (Groundball, P, EV 88.1 MPH) (infield hit)
|
|
Batting: SHB Bip Roberts
|
0-0: Fielders Choice at 2nd, 5-4 (Groundball, 56, EV 96.3 MPH)
|
|
Batting: SHB David Piller
|
0-0: Grounds into double play, 6-4-3 (Groundball, 6, EV 80.0 MPH)
|
| Bottom of the 8th over - 0 runs, 1 hit, 0 errors, 0 left on base; Salt Lake City 2 - San Jose 3 |
| TOP OF THE 9TH |
|
Salt Lake City Bees batting - Pitching for San Jose Missions : LHP Jerry Gomez
|
|
Pitching: RHP Bill Dawley
|
|
|
Now at 2B: Jack Perconte
|
|
|
Now in RF: Steven Michael
|
|
|
Batting: LHB Thomas Dorsey
|
0-0: Ground out 5-3 (Groundball, 5, EV 83.1 MPH)
|
|
Batting: RHB William Cole
|
0-0: Foul Ball, location: 2F 0-1: Ball 1-1: Ball 2-1: Foul Ball, location: 2F 2-2: Ball 3-2: Ground out 6-3 (Groundball, 6, EV 85.0 MPH)
|
|
Batting: RHB Dick C Schofield
|
0-0: Foul Ball, location: 2F 0-1: SINGLE (Groundball, 6D, EV 99.4 MPH)
|
|
Batting: RHB Darnell Coles
|
0-0: Ball 1-0: Ball 2-0: Ball 3-0: Fly out, F9 (Flyball, 9LS, EV 73.8 MPH)
|
| Top of the 9th over - 0 runs, 1 hit, 0 errors, 1 left on base; Salt Lake City 2 - San Jose 3 |
|